 Dungeon Crawl Stone Soup version 0.26-a0-651-gb41185065b (webtiles) character file.

Game seed: 12251896154225762120

49 Ozzies the Ruffian (level 3, -3/37 HPs)
             Began as a Troll Monk on Oct 3, 2020.
             Slain by an adder (5 damage)
             ... on level 2 of the Dungeon.
             The game lasted 00:01:54 (783 turns).

Ozzies the Ruffian (Troll Monk)                      Turns: 783, Time: 00:01:55

Health: -3/37      AC:  6    Str: 20    XL:     3   Next: 53%
Magic:  2/2        EV: 10    Int:  6    God:
Gold:   28         SH:  0    Dex: 12    Spells: 2/2 levels left

rFire    . . .     SeeInvis .     - Unarmed
rCold    . . .     Faith    .   (no shield)
rNeg     . . .     Spirit   .   a - +0 robe
rPois    .         Reflect  .   (helmet restricted)
rElec    .         Harm     .   (no cloak)
rCorr    .         Rampage  .   (gloves unavailable)
MR       .....                  (boots unavailable)
Stlth    ++........             (no amulet)
HPRegen  0.52/turn              (no ring)
MPRegen  0.08/turn              (no ring)

@: lethally poisoned (-3 -> -4)
A: large, unfitting armour, claws 3, regeneration 1, shaggy fur 1, tough skin 3
a: no special abilities


You were on level 2 of the Dungeon.
You visited 1 branch of the dungeon, and saw 2 of its levels.

You collected 28 gold pieces.

Inventory:

Missiles
 j - 8 javelins (quivered)
Armour
 a - a +0 robe (worn)
Scrolls
 d - a scroll of fear {unknown}
 e - a scroll of remove curse {unknown}
 f - 5 scrolls of enchant weapon {unknown}
 h - a scroll of noise {unknown}
 i - a scroll of magic mapping {unknown}
Potions
 b - 3 potions of heal wounds {unknown}
 c - a potion of flight {unknown}
 g - 2 potions of curing {unknown}


   Skills:
 * Level 3.0 Fighting
 + Level 1.1 Throwing
 + Level 2.7 Dodging
 - Level 1.0 Stealth
 + Level 3.3 Unarmed Combat


You had 2 spell levels left.
You didn't know any spells.
Your spell library was empty.

Dungeon Overview and Level Annotations

Branches:
Dungeon (2/15)

Altars:


Innate Abilities, Weirdness & Mutations

You are too large for most types of armour.
You have claws for hands.
Your natural rate of healing is unusually fast.
You are covered in fur. (AC +1)
You have extremely tough skin. (AC +3)


Message History

You feel sick.
The kobold throws a stone.
The stone hits you.
* * * LOW HITPOINT WARNING * * *
The adder barely misses you. The adder closely misses you.
You see here a stone.
You feel sick. The adder completely misses you. The adder barely misses you.
A hobgoblin comes into view. It is wielding a +0 club.
The hobgoblin shouts!
The adder bites you.
* * * LOW HITPOINT WARNING * * *
You are more poisoned.
The adder poisons you!
You feel sick. The adder bites you.
* * * LOW HITPOINT WARNING * * *
You scratch the hobgoblin but do no damage.
The adder bites you but does no damage.
The hobgoblin hits you but does no damage.
The adder bites you.
* * * LOW HITPOINT WARNING * * *
You barely miss the hobgoblin.
You feel sick. The adder bites you.
You die...

##....# ##.....## ..#
##.......## #.########
#.........# #........#
###....†....####.##.....####
.......>...................
.##........#####.##......#
#!#.....######.##......#
#.##.?.(....KS@g.).....# #
#..........S.).....###
##......##.........# #
###.#[#(##.........###..##.
................<.)........
##..#....#........†###.####
#.>#..............#
#.###.....#.......... .
##.#..#...........


You could see 2 adders, a hobgoblin and a kobold.

Vanquished Creatures
  An adder (D:2)
  An ooze (D:1)
  2 dart slugs (D:1)
  3 giant cockroaches (D:1)
  A goblin (D:1)
  6 hobgoblins
  5 bats
  4 frilled lizards (D:1)
  4 kobolds (D:1)
  6 rats
  A bush (D:1)
34 creatures vanquished.

Notes
Turn   | Place    | Note
-------+----------+-------------------------------------------
     0 | D:1      | Ozzies the Troll Monk began the quest for the Orb.
     0 | D:1      | Reached XP level 1. HP: 22/22 MP: 0/0
   170 | D:1      | Reached XP level 2. HP: 26/29 MP: 1/1
   529 | D:1      | Reached XP level 3. HP: 30/36 MP: 2/2
   558 | D:1      | Reached skill level 1 in Throwing
   783 | D:2      | Slain by an adder

Illustrated notes

Levels and vault maps discovered:
D:1:      wheals_arrival_shading, layout_basic, minmay_hedge_maze
D:2:      layout_loops_ring, gammafunk_temple_overflow_wave,
          nrook_loot_triangle, grunt_qazlal_clouds

Skill      XL: |  1  2  3 |
---------------+----------+-----
Throwing       | 1 |  1.1
Fighting       | 3 |  3.0
Dodging        | |  2.7
Stealth        | |  1.0
Unarmed Combat | |  3.3

Action                   || total
-------------------------++-------
Melee: Unarmed           ||   117
       Punch             ||     1
Armor: Robe              ||    27
Dodge: Dodged            ||    38

Table legend: (Time is in decaauts)
 A = Elapsed time spent in this place.
 B = Non-inter-level travel time spent in this place.
 C = Inter-level travel time spent in this place.
 D = Time resting spent in this place.
 E = Time spent auto-exploring this place.
 F = Levels seen in this place.
 G = Mean time per level.
                   A        B        C        D        E       F      G
               +--------+--------+--------+--------+--------+-----+--------+
         Total |    776 |    755 |     21 |      0 |    529 |   2 |  388.0 |
       Dungeon |    776 |    755 |     21 |      0 |    529 |   2 |  388.0 |
               +--------+--------+--------+--------+--------+-----+--------+

Top non-repeatable levels by time:
     D:1: 705 daAuts
     D:2: 70 daAuts
